 Dungeon Crawl Stone Soup version 0.31-a0-182-gc5ef74bbde (webtiles) character file.

Game seed: 13159933742466232367

1801 qw the Cleaver (level 9, -5/55 HPs)
             Began as a Gargoyle Fighter on June 20, 2023.
             Slain by Duvessa
             ... wielding a +1 short sword of freezing
              (11 damage)
             ... on level 5 of the Dungeon.
             The game lasted 00:02:15 (4396 turns).

qw the Cleaver (Gargoyle Fighter)                   Turns: 4396, Time: 00:02:15

Health: -5/55      AC: 20    Str: 23    XL:     9   Next: 9%
Magic:  9/9        EV:  6    Int: 10    God:
Gold:   337        SH:  4    Dex:  9    Spells: 8/8 levels left

rFire   . . .        Y - +0 war axe (drain)
rCold   . . .        c - +0 buckler
rNeg    + . .        i - +0 plate armour
rPois   inf          g - +0 helmet
rElec   +            (no cloak)
rCorr   .            (no gloves)
SInv    .            (no boots)
Will    .....        (no amulet) Stlth
                     (no ring)
HPRegen 0.29/turn    (no ring)
MPRegen 0.11/turn

%: no passive effects
@: lit by a corona, glowing
A: sickness immunity, AC +6, negative energy resistance 1, electricity
resistance, torment resistance 1, petrification resistance
a: no special abilities


You were on level 5 of the Dungeon.
You visited 1 branch of the dungeon, and saw 5 of its levels.

You collected 337 gold pieces.


Innate Abilities, Weirdness & Mutations

You are immune to sickness and miasma.
Your stone body is resilient. (AC +6)
You are immune to poison.
You resist negative energy. (rN+)
You are resistant to electric shocks. (rElec)
You are resistant to unholy torment.
You are immune to petrification.


   Skills:
 - Level 6.2 Fighting
 + Level 8.0 Axes
 - Level 3.1 Throwing
 - Level 5.3 Armour
 - Level 1.5 Dodging
 - Level 3.2 Shields


You had 8 spell levels left.
You didn't know any spells.
Your spell library was empty.

Inventory:

Hand Weapons
 f - a +0 morningstar
 n - a +0 war axe
 Y - a +0 war axe of draining (weapon)
Missiles
 b - 7 boomerangs
Armour
 c - a +0 buckler (worn)
 g - a +0 helmet (worn)
 i - a +0 plate armour (worn)
 l - a +0 kite shield
Scrolls
 e - a scroll of revelation {unknown}
 k - 3 scrolls of identify
 o - 2 scrolls of fear {unknown}
 r - a scroll of blinking {unknown}
Potions
 a - a potion of haste
 d - a potion of might
 h - a potion of resistance {unknown}
 j - 2 potions of magic
 m - a potion of curing
 p - a potion of berserk rage {unknown}

Dungeon Overview and Level Annotations

Branches:
Dungeon (5/15)
 Temple: D:4-7

Altars:
Elyvilon
Nemelex Xobeh
Qazlal
Uskayaw

Annotations:
D:5 Duvessa


Message History

Duvessa hits you but does no damage.
Duvessa hits you with a +1 short sword of freezing!
Duvessa freezes you.
You hit Duvessa.
Duvessa is lightly wounded.
Duvessa hits you but does no damage.
You barely miss Duvessa.
Duvessa is lightly wounded.
Duvessa hits you with a +1 short sword of freezing!
Duvessa freezes you. You block Duvessa's attack.
You barely miss Duvessa.
Duvessa is lightly wounded.
Duvessa hits you with a +1 short sword of freezing!
Duvessa freezes you.
Duvessa hits you with a +1 short sword of freezing.
Duvessa freezes you.
You barely miss Duvessa.
Duvessa is lightly wounded.
You block Duvessa's attack.
You hit Duvessa but do no damage.
Duvessa is lightly wounded.
You block Duvessa's attack. Duvessa barely misses you.
You hit Duvessa but do no damage.
Duvessa is lightly wounded.
You block Duvessa's attack. Duvessa hits you but does no damage.
You hit Duvessa but do no damage. You drain Duvessa.
Duvessa is lightly wounded.
Duvessa barely misses you.
You hit Duvessa but do no damage.
Duvessa is lightly wounded.
Duvessa hits you but does no damage. x2
You hit Duvessa but do no damage.
Duvessa is lightly wounded.
Duvessa hits you with a +1 short sword of freezing.
Duvessa freezes you. Duvessa barely misses you.
You slash Duvessa!
Duvessa is moderately wounded.
Duvessa hits you but does no damage.
Duvessa hits you with a +1 short sword of freezing!
You die...

.##..##
##.##.#
#.......#
..##..#
#.##.#
#.......#
^..##.#
###.##.#
#.......#
#...#.##
#...##.#
##.######
#'.##..#
#.####.#
.###...# ##.#
#.#
.......###..#
#.#
...........##
#.#
..##########
#@# ###
#.e......
#########


You could see Duvessa (berserk, drained).

Vanquished Creatures
  Sigmund (D:2)
  Menkaure (D:4)
  An ice beast (D:5)
  2 ogres
  A phantom (D:5)
  Blork the orc (D:4)
  A gnoll sergeant (D:5)
  3 scorpions
  Dowan (D:5)
  A howler monkey (D:5)
  5 hounds
  3 orc priests
  A jelly (D:5)
  Jessica (D:2)
  An iguana (D:5)
  2 sleepcaps
  Natasha (thrice) (D:4)
  An orc wizard (D:5)
  Robin (D:4)
  6 gnolls (D:5)
  9 adders
  A shadow imp (D:5)
  A white imp (D:5)
  An ufetubus (D:4)
  2 worms (D:2)
  4 dart slugs
  28 orcs
  3 ball pythons
  3 endoplasms
  5 giant cockroaches
  14 goblins
  14 hobgoblins
  4 jackals (D:2)
  4 quokkas
  4 bats
  3 frilled lizards
  6 kobolds
  4 rats
147 creatures vanquished.

Notes
Turn   | Place    | Note
-------+----------+-------------------------------------------
     0 | D:1      | qw the Gargoyle Fighter began the quest for the Orb.
     0 | D:1      | Reached XP level 1. HP: 14/14 MP: 1/1
     0 | D:1      | 0 ||| qw: Version: 0.3-a-9-g12657ce
     0 | D:1      | 0 ||| qw: Game counter: 1229
     0 | D:1      | 0 ||| qw: Always use a shield: true
     0 | D:1      | 0 ||| qw: God list: Okawaru
     0 | D:1      | 0 ||| qw: Allow faded altars: false
     0 | D:1      | 0 ||| qw: Do Orc after D:15 true
     0 | D:1      | 0 ||| qw: Do second Lair branch before Depths: true
     0 | D:1      | 0 ||| qw: Lair rune preference: random
     0 | D:1      | 0 ||| qw: Plans: Normal, Zot:1-4, Slime:5, God:TSO, Crypt,
                  | Tomb, Abyss, Pan, Hells, Win
     0 | D:1      | 0 ||| PLANNING D:1-11
    14 | D:1      | 14 ||| Stepping ~*~*~tactically~*~*~ (stealth).
    27 | D:1      | Reached skill level 2 in Axes
   126 | D:1      | 126 ||| Stepping ~*~*~tactically~*~*~ (hiding).
   127 | D:1      | 127 ||| Stepping ~*~*~tactically~*~*~ (hiding).
   128 | D:1      | 128 ||| Stepping ~*~*~tactically~*~*~ (hiding).
   129 | D:1      | 129 ||| Stepping ~*~*~tactically~*~*~ (hiding).
   131 | D:1      | 131 ||| Stepping ~*~*~tactically~*~*~ (hiding).
   179 | D:1      | Reached XP level 2. HP: 15/19 MP: 2/2
   476 | D:1      | 476 ||| READING scroll labelled CINEDEUWUQ.
   477 | D:1      | 477 ||| READING scroll labelled BUAHA RUERGHI.
   520 | D:2      | Noticed Jessica
   523 | D:2      | Reached skill level 3 in Axes
   524 | D:2      | Killed Jessica
   525 | D:2      | Reached skill level 1 in Throwing
   525 | D:2      | Reached XP level 3. HP: 23/23 MP: 3/3
   561 | D:2      | 561 ||| Stepping ~*~*~tactically~*~*~ (stealth).
   562 | D:2      | 562 ||| Stepping ~*~*~tactically~*~*~ (stealth).
   569 | D:2      | Reached XP level 4. HP: 26/28 MP: 4/4
   590 | D:2      | 590 ||| Stepping ~*~*~tactically~*~*~ (stealth).
   596 | D:2      | 596 ||| Stepping ~*~*~tactically~*~*~ (stealth).
   806 | D:2      | 806 ||| Stepping ~*~*~tactically~*~*~ (hiding).
   854 | D:2      | 854 ||| DROPPING +0 whip.
   860 | D:2      | 860 ||| Stepping ~*~*~tactically~*~*~ (stealth).
   862 | D:2      | 862 ||| Stepping ~*~*~tactically~*~*~ (stealth).
   863 | D:2      | 863 ||| Stepping ~*~*~tactically~*~*~ (stealth).
   870 | D:2      | Reached skill level 4 in Axes
   873 | D:2      | Noticed Sigmund
   874 | D:2      | 874 ||| Stepping ~*~*~tactically~*~*~ (stealth).
   876 | D:2      | 876 ||| Stepping ~*~*~tactically~*~*~ (hiding).
   884 | D:2      | Killed Sigmund
   885 | D:2      | Reached skill level 5 in Axes
   885 | D:2      | Reached XP level 5. HP: 28/32 MP: 5/5
   885 | D:2      | Reached XP level 6. HP: 32/37 MP: 6/6
  1131 | D:2      | 1131 ||| UPGRADING to +0 plate armour.
  1141 | D:2      | 1141 ||| DROPPING +0 scale mail.
  1142 | D:2      | 1142 ||| READING scroll labelled ONNODD KEUTAWK.
  1143 | D:2      | 1143 ||| READING 2 scrolls labelled WOUGIW DOBIA.
  1144 | D:2      | 1144 ||| READING scroll labelled MAFUUGRYAS.
  1145 | D:2      | 1145 ||| READING scroll labelled ZEITIFF EZOLLY.
  1146 | D:2      | 1146 ||| DRINKING 2 grey potions.
  1218 | D:3      | 1218 ||| Stepping ~*~*~tactically~*~*~ (hiding).
  1219 | D:3      | 1219 ||| Stepping ~*~*~tactically~*~*~ (hiding).
  1225 | D:3      | 1225 ||| Stepping ~*~*~tactically~*~*~ (hiding).
  1226 | D:3      | 1226 ||| Stepping ~*~*~tactically~*~*~ (hiding).
  1294 | D:3      | 1294 ||| DROPPING +0 mace.
  1826 | D:3      | 1826 ||| Stepping ~*~*~tactically~*~*~ (stealth).
  1870 | D:3      | 1870 ||| READING scroll labelled NUHUPT ASHA.
  1871 | D:3      | 1871 ||| DRINKING 2 fuming coppery potions.
  1930 | D:4      | 1930 ||| Stepping ~*~*~tactically~*~*~ (stealth).
  1931 | D:4      | 1931 ||| Stepping ~*~*~tactically~*~*~ (stealth).
  2022 | D:4      | 2022 ||| Stepping ~*~*~tactically~*~*~ (stealth).
  2048 | D:4      | Reached skill level 6 in Axes
  2050 | D:4      | 2050 ||| Stepping ~*~*~tactically~*~*~ (stealth).
  2055 | D:4      | Reached XP level 7. HP: 41/43 MP: 7/7
  2090 | D:4      | 2090 ||| DROPPING +0 flail.
  2137 | D:4      | 2137 ||| Stepping ~*~*~tactically~*~*~ (stealth).
  2140 | D:4      | 2140 ||| Stepping ~*~*~tactically~*~*~ (stealth).
  2208 | D:4      | 2208 ||| Stepping ~*~*~tactically~*~*~ (stealth).
  2283 | D:4      | Found a hide-covered altar of Uskayaw.
  2390 | D:4      | Noticed Menkaure
  2391 | D:4      | 2391 ||| Stepping ~*~*~tactically~*~*~ (hiding).
  2396 | D:4      | 2396 ||| Stepping ~*~*~tactically~*~*~ (hiding).
  2400 | D:4      | Killed Menkaure
  2401 | D:4      | Reached skill level 3 in Throwing
  2418 | D:4      | 2418 ||| Stepping ~*~*~tactically~*~*~ (stealth).
  2419 | D:4      | 2419 ||| Stepping ~*~*~tactically~*~*~ (stealth).
  2543 | D:4      | Found a stormy altar of Qazlal.
  2546 | D:4      | Noticed Natasha
  2552 | D:4      | Killed Natasha
  2579 | D:4      | Noticed Blork the orc
  2584 | D:4      | Noticed Natasha
  2587 | D:4      | Killed Blork the orc
  2600 | D:4      | Killed Natasha
  2691 | D:4      | Noticed Natasha
  2701 | D:4      | Killed Natasha
  2702 | D:4      | Reached skill level 7 in Axes
  2727 | D:4      | Noticed Robin
  2728 | D:4      | 2728 ||| Stepping ~*~*~tactically~*~*~ (stealth).
  2729 | D:4      | 2729 ||| Stepping ~*~*~tactically~*~*~ (stealth).
  2746 | D:4      | Killed Robin
  2810 | D:4      | Reached XP level 8. HP: 48/48 MP: 8/8
  3301 | D:4      | 3301 ||| UPGRADING to +0 helmet.
  3306 | D:4      | 3306 ||| READING scroll labelled BOUBBASKIS.
  3365 | D:4      | 3365 ||| READING scroll labelled VAYCKO PIRIESE.
  3368 | D:4      | 3368 ||| READING 4 scrolls of identify.
  3368 | D:4      | 3368 ||| IDENTIFYING amethyst potion
  3369 | D:4      | 3369 ||| READING 3 scrolls of identify.
  3369 | D:4      | 3369 ||| IDENTIFYING fuming clear potion
  3370 | D:4      | 3370 ||| READING 2 scrolls of identify.
  3370 | D:4      | 3370 ||| IDENTIFYING clear potion
  3371 | D:4      | 3371 ||| DROPPING potion of brilliance.
  3374 | D:5      | Entered Level 5 of the Dungeon
  3472 | D:5      | 3472 ||| Stepping ~*~*~tactically~*~*~ (hiding).
  3504 | D:5      | HP: 5/49 [ogre/+0 giant club (9)]
  3505 | D:5      | 3505 ||| DRINKING potion of heal wounds.
  3508 | D:5      | Reached skill level 1 in Dodging
  3699 | D:5      | 3699 ||| Stepping ~*~*~tactically~*~*~ (stealth).
  3701 | D:5      | 3701 ||| Stepping ~*~*~tactically~*~*~ (stealth).
  3716 | D:5      | 3716 ||| Stepping ~*~*~tactically~*~*~ (stealth).
  3837 | D:5      | Reached skill level 8 in Axes
  3888 | D:5      | 3888 ||| DROPPING +0 hand axe.
  3917 | D:5      | 3917 ||| Stepping ~*~*~tactically~*~*~ (stealth).
  3926 | D:5      | Reached skill level 6 in Fighting
  3929 | D:5      | Reached XP level 9. HP: 49/55 MP: 9/9
  3936 | D:5      | 3936 ||| FLEEEEING.
  3937 | D:5      | 3937 ||| FLEEEEING.
  3938 | D:5      | 3938 ||| Stepping ~*~*~tactically~*~*~ (stealth).
  3985 | D:5      | Found a white marble altar of Elyvilon.
  4200 | D:5      | Found a sparkling altar of Nemelex Xobeh.
  4377 | D:5      | Noticed Dowan
  4378 | D:5      | 4378 ||| Stepping ~*~*~tactically~*~*~ (hiding).
  4383 | D:5      | Noticed Duvessa
  4385 | D:5      | Killed Dowan
  4389 | D:5      | HP: 12/55 [Duvessa/+1 short sword of freezing (2)]
  4395 | D:5      | HP: 8/55 [Duvessa/+1 short sword of freezing (6)]
  4396 | D:5      | Slain by Duvessa

Levels and vault maps discovered:
D:1:      dpeg_arrival_solitude, layout_rooms, minivault_24
D:2:      layout_rooms, uniq_sigmund, uniq_jessica
D:3:      minmay_diamond_boxcup, layout_loops_cross
D:4:      layout_basic, nicolae_qazlal_scattered_showers, old_standard_altar,
          uniq_menkaure, uniq_robin, uniq_blork_the_orc, uniq_natasha
D:5:      minmay_razor_zed, layout_basic, general_overflow_altar,
          nemelex_spade_bored_becter, uniq_duvessa

Skill      XL: |  1  2  3  4  5  6  7  8  9 |
---------------+----------------------------+-----
Axes           | 2 3 5 6 7 8 |  8.0
Throwing       | 1 3 |  3.1
Fighting       | 4 6 |  6.2
Armour         | 4 5 |  5.3
Dodging        | 1 |  1.5
Shields        | |  3.2

Action                     |  1- 3 |  4- 6 |  7- 9 || total
---------------------------+-------+-------+-------++-------
  Melee: War axe           |    61 |   118 |   207 ||   386
  Throw: Javelin           |    13 |    27 |    28 ||    68
         Boomerang         |       |       |    33 ||    33
    Use: Scroll            |     2 |     5 |     5 ||    12
         Potion            |       |     2 |     1 ||     3
 Armour: Scale mail        |    32 |    21 |       ||    53
         Plate armour      |       |    32 |   138 ||   170
         Skin              |       |       |    10 ||    10
  Dodge: Dodged            |    29 |    49 |    48 ||   126
  Block: Buckler           |    11 |    19 |    22 ||    52

Table legend:
 A = Non-vault XP
 B = Vault XP
 C = Vault XP percentage of total XP
 D = Non-vault monster count
 E = Vault monster count
 F = Vault count percentage of total count
                 A         B        C        D         E       F
            +---------+---------+-------+---------+---------+-------
      Total |    1370 |    1203 |  46.8 |     109 |      38 |  25.9
            +---------+---------+-------+---------+---------+-------
        D:1 |      29 |       0 |   0.0 |      15 |       0 |   0.0
        D:2 |      94 |     263 |  73.7 |      28 |       2 |   6.7
        D:3 |     112 |      29 |  20.6 |      10 |       9 |  47.4
        D:4 |     459 |     343 |  42.8 |      30 |      14 |  31.8
        D:5 |     676 |     568 |  45.7 |      26 |      13 |  33.3
            +---------+---------+-------+---------+---------+-------
